 Dungeon Sprint DCSS version bcrawl-1.28 (webtiles) character file.

Game seed: 9931577703936749292

329671 pasperui the Ruffian (level 4, -1/38 HPs)
             Began as a Naga Transmuter on Dec 10, 2020.
             Slain by a water elemental (19 damage)
             ... in the Dungeon (Sprint III: "The Ten Rune Challenge").
             The game lasted 00:03:09 (234 turns).

pasperui the Ruffian (Naga Transmuter)               Turns: 234, Time: 00:03:09

Health: -1/38      AC:  2    Str: 13    XL:     4   Next: 78%
Magic:  3/7        EV: 10    Int: 13    God:
Gold:   45         SH:  0    Dex: 12    Spells: 2/7 levels left

rFire    . . .     SeeInvis +     - Fists (11.2)
rCold    . . .     Gourm    .   (no shield)
rNeg     . . .     Faith    .   b - +0 robe
rPois    +         Spirit   .   (helmet currently unavailable)
rElec    .         Reflect  .   (no cloak)
rCorr    .         Harm     .   (no gloves)
MR       .....     NoTele   +   (no barding)
Stlth    +.........             (no amulet)
HPRegen  0.12/turn              (no ring)
MPRegen  0.10/turn              (no ring)

@: appendage, engulfed (cannot breathe), very slow
A: large, horns 3, stinger 1, see invisible, blink, deformed body, mutation
resistance 1, poison resistance, slowness 2, slow metabolism 1, spit poison 1,
AC +1
a: Spit Poison, End Transformation, Blink


You were in the Dungeon.
You were not hungry.
You had grown temporary horns.
You visited 1 branch You collected 45 gold pieces.

Inventory:

Missiles
 a - 90 arrows
Armour
 b - a +0 robe (worn)
Scrolls
 k - a scroll of blinking
 m - 2 scrolls of immolation {unknown}
 n - a scroll of amnesia {unknown}
 o - a scroll of identify
 q - 3 scrolls of remove curse
Potions
 d - a potion of lignification
 f - 2 potions of curing
 g - a potion of heal wounds
 h - a potion of haste
 i - 2 potions of magic
 j - a potion of berserk rage
 l - 2 potions of mutation
 p - 4 potions of flight
Comestibles
 c - 4 chunks of flesh
 e - 3 rations {!d}


   Skills:
 - Level 1.0 Fighting
 - Level 1.5 Dodging
 - Level 7.1 Unarmed Combat
 - Level 2.0 Spellcasting
 * Level 6.6 Transmutations


You had 2 spell levels left.
You knew the following spells:

 Your Spells              Type           Power        Failure   Level  Hunger
a - Beastly Appendage     Tmut           ###...       1%          1    None
b - Sticks to Snakes      Tmut           ###.....     2%          2    ##.....
c - Passwall              Tmut/Erth      #.......     10%         2    ##.....

Your spell library contained the following spells:

 Spells                   Type           Power        Failure   Level  Hunger
 Spider Form              Tmut/Pois      #..          21%         3    ####...
 Blade Hands              Tmut           ###.......   43%         5    #######
 Ice Form                 Ice/Tmut       #.......     54%         4    ######.


Dungeon Overview and Level Annotations

Branches:
Dungeon (1/1)

Altars:


Innate Abilities, Weirdness & Mutations

You cannot wear boots.
Your serpentine skin is tough. (AC +1)
You have supernaturally acute eyesight. (SInv)
Armour fits poorly on your strangely shaped body.
Your system is resistant to poisons. (rPois)
You cover ground very slowly.
You have a slow metabolism.
You can spit poison.
You have a pair of large horns on your head.
Your tail ends in a poisonous barb.
You can translocate small distances at will.
You are somewhat resistant to further mutation.


Message History

You have encountered a dangerous foe!
Unknown command.
You hit the water elemental but do no damage.
Your ball python bites the water elemental.
The water elemental misses you.
Your ball python bites the water elemental but does no damage.
Your ball python closely misses the water elemental.
You hit the water elemental.
The water elemental is lightly damaged.
Your ball python bites the water elemental but does no damage. x2
The water elemental hits you!
The water elemental engulfs you in water!
Your ball python barely misses the water elemental.
You hit the water elemental but do no damage.
The water elemental is lightly damaged.
Your lungs strain for air!
Your ball python bites the water elemental but does no damage. x3
The water elemental hits you!!
Ouch! That really hurt!
You die...

▓▓▓▓▓▓▓▓▓ ▓▓▓
▓<..#...#### ##.#
▓...#..)...#####..#
▓..##.......#..#..#
▓##.##.##...#..#..# #+#+#
##.##.###..##'#SS#......
▓#.####.##..###.@E'.⌠....
▓.###..##..####..S#...###
▓#.....##..###....# ⌠.#
###..##...##.....# .#
#..##....#÷.....# #
#..###..##.#.....# #(.
#.. ####....# ▓▓▓ ▓▓▓
▓▓▓▓▓▓


You could see a water elemental and 3 friendly ball pythons.

Vanquished Creatures
  A scorpion (D)
  Jessica (D)
  A human (D)
  2 oozes (D)
5 creatures vanquished.

Vanquished Creatures (others)
  A plant (D)
1 creature vanquished.

Grand Total: 6 creatures vanquished

Notes
Turn   | Place    | Note
-------+----------+-------------------------------------------
     0 | D        | pasperui the Naga Transmuter began the quest for the Orb.
     0 | D        | Reached XP level 1. HP: 18/18 MP: 3/3
    11 | D        | Reached skill level 4 in Unarmed Combat
    15 | D        | Reached skill level 5 in Unarmed Combat
    15 | D        | Reached XP level 2. HP: 16/25 MP: 3/5
    64 | D        | Noticed Jessica
    67 | D        | Killed Jessica
    67 | D        | Reached skill level 7 in Unarmed Combat
    67 | D        | Reached XP level 3. HP: 30/31 MP: 4/6
   167 | D        | Noticed a scorpion
   174 | D        | Killed a scorpion
   174 | D        | Reached XP level 4. HP: 28/38 MP: 7/7
   195 | D        | Gained mutation: Your tail ends in a poisonous barb.
                  | [potion of mutation]
   195 | D        | Gained mutation: You can translocate small distances at
                  | will. [potion of mutation]
   195 | D        | Gained mutation: You are somewhat resistant to further
                  | mutation. [potion of mutation]
   222 | D        | Learned a level 2 spell: Sticks to Snakes
   225 | D        | Learned a level 2 spell: Passwall
   229 | D        | Noticed a water elemental
   234 | D        | Slain by a water elemental

Skill      XL: |  1  2  3 |
---------------+----------+-----
Unarmed Combat | 5 7 |  7.1
Transmutations | 6 |  6.6
Fighting       | |  1.0
Dodging        | |  1.5
Spellcasting   | |  2.0

Action                   |  1- 3 |  4- 6 || total
-------------------------+-------+-------++-------
Melee: Unarmed           |    18 |     3 ||    21
       Punch             |     3 |       ||     3
 Cast: Beastly Appendage |     4 |     1 ||     5
       Sticks to Snakes  |       |     2 ||     2
 Abil: Spit Poison       |     4 |       ||     4
  Use: Potion            |       |     1 ||     1
Armor: Robe              |     1 |       ||     1
Dodge: Dodged            |     3 |     1 ||     4
